 Dungeon Crawl Stone Soup version 0.28-a0-983-g1de4e0787c (webtiles) character file.

Game seed: 10085867907349606181

98798 Decritt the Warrior (level 16, 0/110 HPs)
             Began as a Gargoyle Earth Elementalist on Dec 3, 2021.
             Was the Champion of Zin.
             Killed by the air
             ... invoked by a wind drake
              (16 damage)
             ... on level 2 of the Shoals.
             The game lasted 02:08:28 (34795 turns).

Decritt the Warrior (Gargoyle Earth Elementalist)  Turns: 34795, Time: 02:08:28

Health: 0/110      AC: 41    Str: 13    XL:     16   Next: 23%
Magic:  12/36      EV:  7    Int: 30    God:    Zin [******]
Gold:   1916       SH: 10    Dex: 10    Spells: 20/29 levels left

rFire   . . .      SeeInvis .   c - staff of earth
rCold   . . .      Faith    .   q - +0 kite shield
rNeg    + . .      Spirit   .   P - +8 chain mail "Xior" {rCorr}
rPois   ∞          Reflect  .   G - +2 hat
rElec   +          Harm     .   e - +2 cloak
rCorr   +          Rampage  .   v - +1 pair of gloves
Will    .....                   (no boots)
Stlth   ..........              u - amulet of magic regeneration
HPRegen 0.28/turn               m - ring of magical power
MPRegen 0.65/turn               M - ring "Keurhucu" {Fly Will- Int+7 Stlth+}

@: flying, studying Fighting
A: sickness immunity, AC +12, big wings, negative energy resistance 1,
electricity resistance, torment resistance 1, petrification resistance
a: Renounce Religion, Recite, Vitalisation, Imprison, Sanctuary, Donate Gold


You were on level 2 of the Shoals.
You worshipped Zin.
Zin was exalted by your worship.
You visited 4 branches of the dungeon, and saw 24 of its levels.
You also visited: Ossuary and Gauntlet.

You collected 2698 gold pieces.
You spent 528 gold pieces at shops.
You donated 254 gold pieces to Zin.

Inventory:

Missiles
 L - 137 stones
 O - 9 silver javelins
Armour
 e - a +2 cloak (worn)
 g - a +0 cloak of preservation
 q - a +0 kite shield (worn)
 v - a +1 pair of gloves (worn)
 w - the +8 plate armour of the Shrike {rN+ Will+ Str+3}
   (You took it off Urug on level 13 of the Dungeon)

   Str:       It affects your strength (+3).
   rN:        It protects you from negative energy.
   Will:      It increases your willpower.
 G - a +2 hat (worn)
 P - the +8 chain mail "Xior" (worn) {rCorr}
   (You took it off a minotaur in a Gauntlet)

   rCorr:     It protects you from acid and corrosion.
Magical Staves
 c - a staff of earth (weapon)
 j - a staff of fire
 F - a staff of cold
Jewellery
 b - a ring of see invisible
 d - a ring of willpower
 k - a ring of protection from cold
 m - a ring of magical power (left hand)
 t - a +4 ring of protection
 u - an amulet of magic regeneration (around neck)
 I - an amulet of reflection
 K - a ring of protection from fire
 M - the ring "Keurhucu" (right hand) {Fly Will- Int+7 Stlth+}
   (You found it in a Gauntlet)

   [ring of flight]

   Int:       It affects your intelligence (+7).
   Fly:       It grants you flight.
   Will:      It decreases your willpower.
   Stlth:     It makes you more stealthy.
Wands
 n - a wand of flame (14)
 y - a wand of digging (17)
 C - a wand of paralysis (3)
 E - a wand of iceblast (21)
 J - a wand of acid (1)
 N - a wand of mindburst (2)
Scrolls
 l - 7 scrolls of teleportation
 o - 2 scrolls of blinking
 p - a scroll of holy word
 A - 3 scrolls of fear
 D - 4 scrolls of amnesia
 H - 7 scrolls of fog
 S - 2 scrolls of magic mapping
 W - 3 scrolls of immolation
Potions
 a - a potion of resistance {unknown}
 f - a potion of invisibility
 h - 5 potions of heal wounds
 i - 9 potions of curing
 s - a potion of mutation
 x - 11 potions of ambrosia
 z - a potion of haste
 B - 3 potions of magic
 T - 2 potions of brilliance
 X - 2 potions of cancellation
Miscellaneous
 Q - a phial of floods
 R - a tin of tremorstones (1/2)
 V - a phantom mirror


   Skills:
 - Level 16.0 Fighting
 - Level 3.1 Staves
 * Level 13.4 Armour
 - Level 5.0 Dodging
 - Level 2.1 Stealth
 + Level 10.2 Shields
 - Level 7.3 Spellcasting
 + Level 9.9 Conjurations
 - Level 0.7 Transmutations
 + Level 15.6 Earth Magic
 - Level 13.0 Invocations


You had 20 spell levels left.
You knew the following spells:

 Your Spells              Type           Power      Damage    Failure   Level
a - Sandblast             Erth           100%       2d20      1%          1
b - Stone Arrow           Conj/Erth      100%       3d13      1%          3
c - Lee's Rapid Deconstr  Erth           51%        3d25*     4%          5

Your spell library contained the following spells:

 Spells                   Type           Power      Damage    Failure   Level
 Passwall                 Tmut/Erth      61%        N/A       6%          2
 Petrify                  Tmut/Erth      74%        N/A       36%         4
 Animate Armour           Summ/Erth      100%       N/A       41%         4
 Leda's Liquefaction      Hex/Erth       36%        N/A       41%         4
 Mephitic Cloud           Conj/Pois/Air  30%        N/A       65%         3
 Sting                    Tmut/Pois      52%        1d5       67%         1
 Freeze                   Ice            44%        1d6       73%         1
 Borgnjor's Vile Clutch   Necr/Erth      36%        N/A       77%         5
 Fulminant Prism          Conj/Hex       20%        3d13      82%         4
 Hailstorm                Conj/Ice       40%        3d10      82%         4
 Iskenderun's Mystic Bla  Conj/Tloc      40%        2d9       82%         4
 Blink                    Tloc           22%        N/A       86%         2
 Poisonous Vapours        Pois/Air       22%        N/A       86%         2
 Call Canine Familiar     Summ           11%        N/A       97%         3
 Frozen Ramparts          Ice            22%        1d4       97%         3
 Ignite Poison            Fire/Tmut/Pois 12%        N/A       97%         3
 Inner Flame              Hex/Fire       11%        N/A       97%         3
 Lesser Beckoning         Tloc           11%        N/A       97%         3
 Portal Projectile        Hex/Tloc       22%        N/A       97%         3
 Animate Dead             Necr           5%         N/A       100%        4
 Cause Fear               Hex            5%         N/A       100%        4
 Olgreb's Toxic Radiance  Pois           11%        N/A       100%        4
 Freezing Cloud           Conj/Ice/Air   15%        6-21      100%        5
 Manifold Assault         Tloc           11%        N/A       100%        5
 Metabolic Englaciation   Hex/Ice        5%         N/A       100%        5
 Summon Forest            Summ/Tloc      5%         N/A       100%        5
 Summon Mana Viper        Hex/Summ       11%        N/A       100%        5
 Death Channel            Necr           5%         N/A       100%        6
 Summon Cactus Giant      Summ           5%         N/A       100%        6
 Discord                  Hex            5%         N/A       100%        8
 Lehudib's Crystal Spear  Conj/Erth      46%        10d11     100%        8
 Statue Form              Tmut/Erth      Unusable   N/A       N/A         6

Dungeon Overview and Level Annotations

Branches:
Dungeon (15/15)            Temple (0/1) D:4            Lair (6/6) D:11
 Shoals (2/4) Lair:3        Snake (0/4) Lair:4        Slime (0/5) Lair:5
    Orc (1/2) D:9         Ossuary (visited)         Gauntlet (visited)
 Vaults: D:13-14     Depths: D:15

Altars:
Elyvilon
Fedhas
Gozag
Kikubaaqudgha
Okawaru
Sif Muna
Trog
Uskayaw
Vehumet
Wu Jian
Xom
Yredelemnul
Zin
Jiyva

Shops:
D:6 *:*   D:10 :   Shoals:1 *

Annotations:
D:8 3 runed translucent doors, TheNamelessOne's ghost, novice FoFi


Innate Abilities, Weirdness & Mutations

You are immune to sickness and miasma.
Your stone body is resilient. (AC +12)
You are immune to poison.
Your large and strong wings let you fly.
You resist negative energy. (rN+)
You are resistant to electric shocks. (rElec)
You are resistant to unholy torment.
You are immune to petrification.


Message History

You start resting.
A wind drake comes into view.
A wind drake is nearby!
Casting: Stone Arrow (safe; 1% risk of failure)
Confirm with . or Enter, or press ? or * to list all spells.
Aiming: Stone Arrow (safe; 1% risk of failure)
Press: ? - help, Shift-Dir - straight line, f - wind drake
Aim: a wind drake (water, repelling missiles, 38% to hit)
You feel a surge of power!
The stone arrow misses the wind drake.
The wind drake flaps its wings at you. The air twists around and strikes you.
* * * LOW HITPOINT WARNING * * *
Casting: Stone Arrow (safe; 1% risk of failure)
Confirm with . or Enter, or press ? or * to list all spells.
Aiming: Stone Arrow (safe; 1% risk of failure)
Press: ? - help, Shift-Dir - straight line, f/p - wind drake
Aim: a wind drake (water, repelling missiles, 38% to hit)
You feel a surge of power!
The stone arrow misses the wind drake.
The wind drake exhales a fierce blast of wind!
You are blown backwards!
The wind drake flaps its wings at you. The air twists around and strikes you.
Casting: Stone Arrow (safe; 1% risk of failure)
Confirm with . or Enter, or press ? or * to list all spells.
You can't see any susceptible monsters within range! (Use Z to cast anyway.)
The wind drake flaps its wings at you. The air twists around and strikes you!
* * * LOW HITPOINT WARNING * * *
The wind drake flaps its wings at you. The air twists around and strikes you.
The wind drake flaps its wings at you. The air twists around and strikes you!
* * * LOW HITPOINT WARNING * * *
The wind drake flaps its wings at you. The air twists around and strikes you.
The wind drake flaps its wings at you. The air twists around and strikes you.
The wind drake flaps its wings at you. The air twists around and strikes you!
You die...

≈≈≈≈≈≈≈≈≈≈...#.### ##..≈≈≈≈≈
≈≈≈≈≈≈≈≈≈≈.......# ####....PP≈≈
≈≈≈≈≈≈≈≈≈≈..≈....# ###.##.....≈≈.
≈≈≈≈≈≈≈≈≈≈≈.≈≈...###....≈.....≈..
≈≈≈≈≈≈≈≈≈≈≈≈≈≈.......≈≈≈≈.....≈≈.
≈≈≈≈≈≈.≈...≈≈≈......≈≈≈≈.......≈≈
≈≈≈≈≈≈≈≈≈.........<≈....##.......
≈≈≈≈≈≈≈≈≈.......:..≈)...(#....≈..
≈≈≈≈≈≈≈≈≈.......@..≈≈.........≈≈≈
≈≈≈≈≈≈≈≈≈.....≈..........##......
≈≈≈≈≈≈≈..k.##.≈≈≈.....######.....
≈≈≈≈≈≈≈≈...##..≈≈..#### ###>..
≈≈≈≈≈≈≈≈...........# ##..
≈≈≈≈≈≈≈≈...........### #..
.≈≈≈≈≈≈≈.........###.# ##.≈
≈≈≈≈≈≈≈≈≈....≈≈..###.## ##..≈
≈≈≈≈≈≈≈≈...≈≈≈≈....≈≈.## ##..≈≈


You could see a wind drake (repels missiles).

Vanquished Creatures
  Frances (D:13)
  Gastronok (Lair:1)
  A minotaur (Gauntlet)
  Nessos (D:12)
  A merfolk javelineer (Shoals:2)
  The ghost of Mexzic the Blocker, a journeyman TeCj of Vehumet (Lair:4)
  Snorg (D:12)
  7 hydras
  Josephine (D:13)
  An ogre mage (D:13)
  A catoblepas (D:13)
  2 boulder beetles
  Erolcha (D:13)
  7 centaur warriors
  An alligator snapping turtle (Shoals:2)
  6 two-headed ogres
  3 merfolk avatars
  An alligator (Lair:4)
  5 death yaks
  Urug (D:13)
  2 thrashing horrors (Gauntlet)
  Sonja (Lair:6)
  A fire crab (Gauntlet)
  A deep elf pyromancer (D:13)
  4 harpies (Shoals:1)
  5 sea snakes
  10 fauns
  7 ugly things
  2 oklob plants (Lair:6)
  6 cyclopes
  2 merfolk sirens
  11 manticores
  5 black mambas
  Joseph (D:8)
  4 elephants (Lair:4)
  Maurice (D:11)
  A gargoyle (D:11)
  A torpor snail (Lair:6)
  11 cane toads
  Psyche (D:9)
  8 komodo dragons
  An unseen horror (D:8)
  2 rime drakes
  3 kobold demonologists
  3 minotaur zombies (Gauntlet)
  3 meliai (D:13)
  5 merfolk
  A queen bee (D:9)
  4 trolls
  8 polar bears
  Prince Ribbit (D:8)
  12 blink frogs
  5 slime creatures
  3 hornets
  9 dream sheep
  5 wind drakes
  3 snapping turtles
  3 centaur simulacra (Gauntlet)
  4 shadows
  8 wraiths
  A water elemental (Shoals:1)
  4 wyverns
  3 fire bats (Gauntlet)
  64 yaks
  4 vampire mosquitoes (D:13)
  8 basilisks
  2 steam dragons
  18 water moccasins
  Edmund (D:5)
  An acid dragon (D:10)
  A hornet zombie (D:8)
  4 black bears
  9 orc warriors
  A sky beast (D:6)
  10 ogres
  2 necrophages
  7 centaurs
  4 wolves (Lair:1)
  A phantom (D:5)
  8 bullfrogs
  6 kobold brigands
  4 gnoll sergeants
  A wyvern zombie (D:6)
  2 scorpions
  2 small abominations (Gauntlet)
  4 water moccasin zombies (Ossuary)
  A water moccasin skeleton (D:4)
  30 killer bees
  16 howler monkeys
  14 wights
  4 electric eels
  8 centaur zombies
  9 hounds
  A jelly (D:6)
  A wyvern simulacrum (Gauntlet)
  A bullfrog skeleton (D:6)
  A human zombie (D:8)
  10 orc priests
  Crazy Yiuf (D:3)
  5 iguanas
  Jessica (D:2)
  A centaur skeleton (D:7)
  11 orc wizards
  4 killer bee zombies
  A hound skeleton (D:5)
  4 mummies
  A howler monkey zombie (D:9)
  11 gnolls
  4 adders
  A shadow imp (D:7)
  4 white imps
  6 adder zombies (Ossuary)
  3 worms
  5 dart slugs
  56 orcs
  8 bats
  8 endoplasms
  7 giant cockroaches
  3 gnoll zombies (Ossuary)
  9 goblins
  13 hobgoblins
  4 jackals (D:1)
  5 quokkas
  A ball python (D:4)
  4 frilled lizards (D:1)
  8 hobgoblin zombies (Ossuary)
  15 kobolds
  4 kobold zombies
  6 orc zombies (Ossuary)
  13 rats
707 creatures vanquished.

Vanquished Creatures (others)
  A human (D:9)
  2 orcs (D:9)
  22 bushes (D:14)
  68 fungi
  95 plants
188 creatures vanquished.

Grand Total: 895 creatures vanquished

Notes
Turn   | Place    | Note
-------+----------+-------------------------------------------
     0 | D:1      | Decritt the Gargoyle Earth Elementalist began the quest for
                  | the Orb.
     0 | D:1      | Reached XP level 1. HP: 10/10 MP: 3/3
    59 | D:1      | Reached XP level 2. HP: 16/16 MP: 1/5
   166 | D:1      | Found a faded altar of an unknown god.
   236 | D:1      | Reached skill level 1 in Fighting
   236 | D:1      | Reached skill level 1 in Conjurations
   338 | D:1      | Reached skill level 1 in Armour
   621 | D:1      | Reached XP level 3. HP: 20/20 MP: 6/6
  1320 | D:2      | Noticed Jessica
  1398 | D:2      | Killed Jessica
  1399 | D:2      | Reached XP level 4. HP: 26/26 MP: 7/7
  1516 | D:2      | Reached skill level 2 in Fighting
  1955 | D:2      | Reached XP level 5. HP: 29/31 MP: 8/8
  2338 | D:3      | Found a white marble altar of Elyvilon.
  2425 | D:3      | Found a blossoming altar of Fedhas.
  2514 | D:3      | Became a worshipper of Elyvilon the Healer
  2951 | D:3      | Found a glowing silver altar of Zin.
  3055 | D:3      | Found a runed translucent door.
  3056 | D:3      | Noticed Crazy Yiuf
  3064 | D:3      | Killed Crazy Yiuf
  3172 | D:4      | Reached skill level 3 in Fighting
  3172 | D:4      | Reached skill level 5 in Earth Magic
  3172 | D:4      | Reached XP level 6. HP: 30/37 MP: 9/9
  3288 | D:4      | Found a radiant altar of Vehumet.
  3317 | D:4      | Found a staircase to the Ecumenical Temple.
  3339 | D:4      | Reached * piety under Elyvilon
  3342 | D:4      | Found a sand-covered staircase.
  3347 | Ossuary  | Entered an ossuary
  3731 | Ossuary  | Reached skill level 1 in Invocations
  3731 | Ossuary  | Reached XP level 7. HP: 41/42 MP: 10/10
  3983 | D:3      | Fell from the grace of Elyvilon
  3983 | D:3      | Became a worshipper of Zin the Law-Giver
  3983 | D:3      | Reached * piety under Zin
  3988 | D:3      | Donated 60 gold pieces to Zin
  4019 | D:4      | Found a shimmering blue altar of Sif Muna.
  4043 | D:4      | Reached skill level 4 in Fighting
  4497 | D:5      | Entered Level 5 of the Dungeon
  4498 | D:5      | Noticed Edmund
  4510 | D:5      | Killed Edmund
  4899 | D:5      | Reached XP level 8. HP: 48/48 MP: 12/12
  5125 | D:5      | Found an ornate altar of the Wu Jian Council.
  5180 | D:5      | Learned a level 3 spell: Stone Arrow
  5426 | D:5      | Found an iron altar of Okawaru.
  5777 | D:6      | Noticed a kobold demonologist
  5780 | D:6      | Noticed a hellwing
  5784 | D:6      | Reached skill level 5 in Fighting
  5787 | D:6      | Noticed an ice devil
  5795 | D:6      | Noticed an orange demon
  5983 | D:6      | Noticed a hellwing
  5988 | D:6      | Killed a kobold demonologist
  6112 | D:6      | Reached skill level 6 in Fighting
  6404 | D:6      | Reached ** piety under Zin
  6548 | D:6      | Reached XP level 9. HP: 39/56 MP: 13/13
  6743 | D:6      | Reached skill level 7 in Fighting
  6772 | D:6      | Found Bojan's Book Boutique.
  6860 | D:6      | Found Eskuaqar's Assorted Antiques.
  6878 | D:6      | Found Peuruon's Assorted Antiques.
  6892 | D:6      | Reached skill level 5 in Invocations
  6966 | D:6      | Reached *** piety under Zin
  7099 | D:6      | Found a shimmering altar of Xom.
  7308 | D:7      | Identified the +0 cloak of Ennui {Rampage}
  7310 | D:7      | Found an opulent altar of Gozag.
  7395 | D:7      | Reached skill level 8 in Fighting
  7427 | D:7      | Noticed a two-headed ogre
  7721 | D:7      | Reached XP level 10. HP: 60/65 MP: 14/16
  7755 | D:7      | Reached skill level 9 in Fighting
  7773 | D:7      | Reached skill level 5 in Armour
  8193 | D:7      | Found a hide-covered altar of Uskayaw.
  8418 | D:7      | Killed a two-headed ogre
  8419 | D:7      | Reached skill level 5 in Spellcasting
  8419 | D:7      | Reached skill level 5 in Conjurations
  8450 | D:7      | Reached **** piety under Zin
  8941 | D:7      | Reached skill level 10 in Fighting
  8941 | D:7      | Reached skill level 1 in Shields
  9012 | D:7      | Noticed a seven-headed hydra
  9022 | D:7      | Killed a seven-headed hydra
  9440 | D:8      | Noticed Prince Ribbit
  9448 | D:8      | Killed Prince Ribbit
  9449 | D:8      | Reached XP level 11. HP: 64/73 MP: 16/18
  9601 | D:8      | Noticed Joseph
  9611 | D:8      | Killed Joseph
  9612 | D:8      | Reached skill level 10 in Earth Magic
  9944 | D:8      | Reached skill level 11 in Fighting
 10504 | D:8      | Found a runed translucent gate.
 10504 | D:8      | Found a runed translucent gate.
 10506 | D:8      | Found a runed translucent gate.
 10510 | D:8      | Found a viscous altar of Jiyva.
 10510 | D:8      | Noticed TheNamelessOne's ghost (novice FoFi)
 10599 | D:8      | Reached ***** piety under Zin
 10742 | D:8      | Found an ancient bone altar of Kikubaaqudgha.
 11179 | D:9      | Found a runed translucent door.
 11191 | D:9      | Found a basalt altar of Yredelemnul.
 11295 | D:9      | Found a staircase to the Orcish Mines.
 11708 | D:6      | Bought a scroll of identify for 48 gold pieces
 11708 | D:6      | Bought a thick glowing staff for 288 gold pieces
 12085 | D:9      | Noticed a centaur warrior
 12091 | D:9      | Killed a centaur warrior
 12188 | D:9      | Noticed Psyche
 12195 | D:9      | Killed Psyche
 12196 | D:9      | Reached skill level 12 in Fighting
 12761 | D:9      | Reached skill level 5 in Shields
 13047 | D:10     | Entered Level 10 of the Dungeon
 13328 | D:10     | Found a bloodstained altar of Trog.
 13895 | D:10     | Reached XP level 12. HP: 80/82 MP: 9/19
 14052 | D:10     | Found Goacket's Book Emporium.
 14731 | D:11     | Found a staircase to the Lair.
 14777 | D:11     | Noticed Maurice
 14851 | D:11     | Killed Maurice
 14923 | D:11     | Noticed a two-headed ogre
 14955 | D:11     | Killed a two-headed ogre
 15291 | D:11     | Learned a level 5 spell: Lee's Rapid Deconstruction
 15583 | D:11     | Reached ****** piety under Zin
 15668 | D:12     | Noticed an eight-headed hydra
 15676 | D:12     | Killed an eight-headed hydra
 15799 | D:12     | Noticed a boulder beetle
 16102 | D:11     | Killed a boulder beetle
 16103 | D:11     | Reached skill level 13 in Fighting
 16267 | D:12     | Reached skill level 5 in Dodging
 16588 | D:12     | Noticed Nessos
 16600 | D:12     | Killed Nessos
 16601 | D:12     | Reached skill level 10 in Invocations
 16796 | D:12     | Noticed a two-headed ogre
 16807 | D:12     | Killed a two-headed ogre
 16808 | D:12     | Reached skill level 1 in Staves
 17368 | D:12     | Noticed Snorg
 17377 | D:12     | HP: 2/84 [Snorg (17)]
 17820 | D:12     | Reached XP level 13. HP: 88/88 MP: 20/20
 17945 | D:12     | Killed Snorg
 18037 | D:12     | You fall into a shaft and drop 3 floors!
 18037 | D:15     | Entered Level 15 of the Dungeon
 18228 | D:13     | Noticed Erolcha
 18234 | D:13     | Killed Erolcha
 18590 | D:13     | Noticed Josephine
 18877 | D:13     | Killed Josephine
 20081 | D:13     | Reached skill level 14 in Fighting
 20343 | D:13     | Found a runed translucent door.
 20350 | D:13     | Noticed Frances
 20401 | D:13     | Found a runed translucent door.
 20734 | D:13     | Identified the +8 plate armour of the Shrike {rN+ Will+
                  | Str+3}
 20734 | D:13     | Noticed Urug
 20754 | D:13     | Killed Urug
 21549 | D:13     | Gained mutation: Your large and strong wings let you fly.
                  | [Gargoyle growth]
 21549 | D:13     | Reached XP level 14. HP: 93/96 MP: 23/23
 21580 | D:13     | Killed Frances
 22208 | Orc:1    | Entered Level 1 of the Orcish Mines
 22297 | Lair:1   | Entered Level 1 of the Lair of Beasts
 22459 | Lair:1   | Noticed Gastronok
 22717 | Lair:1   | Identified a scroll of acquirement
 22718 | Lair:1   | Acquired 819 gold pieces
 22914 | Lair:1   | Killed Gastronok
 23995 | Lair:2   | Found a gate leading to a gauntlet.
 24004 | Gauntlet | Entered a Gauntlet
 24004 | Gauntlet | Found a transporter.
 24075 | Gauntlet | Found a transporter.
 24092 | Gauntlet | Found a transporter.
 24095 | Gauntlet | Found a transporter.
 24103 | Gauntlet | Found a transporter.
 24118 | Gauntlet | Found a transporter.
 24124 | Gauntlet | Found a transporter.
 24131 | Gauntlet | Found a runed translucent door.
 24138 | Gauntlet | Found a transporter.
 24143 | Gauntlet | Noticed a fenstrider witch
 24148 | Gauntlet | Found a transporter.
 24168 | Gauntlet | Found a transporter.
 24182 | Gauntlet | Found a transporter.
 24183 | Gauntlet | Found a transporter.
 24194 | Gauntlet | Found a transporter.
 24383 | Gauntlet | Found a transporter.
 24391 | Gauntlet | Noticed a frost giant
 24392 | Gauntlet | Noticed a fire giant
 24392 | Gauntlet | a frost giant changed into a fire giant
 24397 | Gauntlet | Noticed a frost giant
 24397 | Gauntlet | a fire giant changed into a frost giant
 24399 | Gauntlet | Noticed a fenstrider witch
 24399 | Gauntlet | a frost giant changed into a fenstrider witch
 24403 | Gauntlet | Noticed a stone giant
 24403 | Gauntlet | a fenstrider witch changed into a stone giant
 24405 | Gauntlet | Noticed a titan
 24406 | Gauntlet | Noticed a rockslime
 24406 | Gauntlet | a titan changed into a rockslime
 24410 | Gauntlet | Noticed a juggernaut
 24410 | Gauntlet | a rockslime changed into a juggernaut
 24413 | Gauntlet | Noticed an acid blob
 24413 | Gauntlet | a juggernaut changed into an acid blob
 24418 | Gauntlet | Noticed a shadow dragon
 24418 | Gauntlet | an acid blob changed into a shadow dragon
 24419 | Gauntlet | Noticed a caustic shrike
 24419 | Gauntlet | a shadow dragon changed into a caustic shrike
 24422 | Gauntlet | Noticed an iron giant
 24422 | Gauntlet | a caustic shrike changed into an iron giant
 24424 | Gauntlet | Noticed a quicksilver dragon
 24424 | Gauntlet | an iron giant changed into a quicksilver dragon
 24433 | Gauntlet | Noticed a sphinx
 24433 | Gauntlet | an iron troll changed into a sphinx
 24436 | Gauntlet | a sphinx changed into an iron troll
 24437 | Gauntlet | Noticed a frost giant
 24437 | Gauntlet | an iron troll changed into a frost giant
 24438 | Gauntlet | Noticed an eleionoma
 24438 | Gauntlet | a frost giant changed into an eleionoma
 24447 | Gauntlet | an eleionoma changed into an iron troll
 24448 | Gauntlet | Noticed a quicksilver dragon
 24448 | Gauntlet | an iron troll changed into a quicksilver dragon
 24578 | Gauntlet | Identified the ring "Keurhucu" {Fly Will- Int+7 Stlth+}
 24580 | Gauntlet | Identified the +4 short sword of a bailey {speed, Int+4}
 24625 | Gauntlet | Identified the +8 chain mail "Xior" {rCorr}
 24637 | Gauntlet | Reached skill level 10 in Armour
 25295 | Lair:2   | Reached skill level 15 in Fighting
 26643 | Lair:3   | Reached XP level 15. HP: 103/103 MP: 26/26
 26684 | Lair:3   | Found a staircase to the Shoals.
 27118 | Lair:4   | Found a staircase to the Snake Pit.
 27148 | Lair:4   | Found a runed translucent door.
 27150 | Lair:4   | Noticed Mexzic's ghost (journeyman TeCj)
 27900 | Lair:4   | Killed Mexzic's ghost
 28281 | D:6      | Bought a scroll of teleportation for 72 gold pieces
 28281 | D:6      | Bought a twisted glass ring for 120 gold pieces
 28535 | Lair:5   | Found a viscous altar of Jiyva.
 28537 | Lair:5   | Found a staircase to the Slime Pits.
 29822 | Lair:5   | Reached skill level 16 in Fighting
 29986 | Lair:5   | Acquired a staff of earth
 30788 | Lair:6   | Entered Level 6 of the Lair of Beasts
 31043 | Lair:6   | Noticed Sonja
 31053 | Lair:6   | Killed Sonja
 31054 | Lair:6   | Reached skill level 15 in Earth Magic
 32024 | Shoals:1 | Entered Level 1 of the Shoals
 32060 | Shoals:1 | Found Jehouv's General Store.
 32701 | Shoals:1 | Reached XP level 16. HP: 104/110 MP: 27/27
 33522 | Shoals:1 | Reached skill level 10 in Shields
 34795 | Shoals:2 | Killed from afar by a wind drake

Illustrated notes

Levels and vault maps discovered:
D:1:      saegor_arrival_simple_c, layout_basic, serial_forest,
          infiniplex_forest_lined_corner, infiniplex_forest_straight_2,
          infiniplex_forest_lined_room_3, infiniplex_forest_clump_diagonal,
          infiniplex_forest_clump_small,
          dreamdust_ecumenical_altar_angels_and_demons, minmay_quantized
D:2:      kb_forest_paths, layout_basic, uniq_jessica
D:3:      layout_loops_ring, lemuel_round_altar, lemuel_doored_altar,
          fedhas_altar_1, uniq_crazy_yiuf_cottage
D:4:      layout_rooms, nicolae_sif_muna_condensation,
          mainiacjoe_overflow_24_doors, minmay_temple_entry_trees,
          nicolae_ossuary_entry_plus, skrybe_limestone_x
D:5:      layout_loops_corners, mainiacjoe_overflow_alcove_1,
          nicolae_overflow_hidden_temple, uniq_edmund
D:6:      minmay_skewed_foursquare, layout_basic, kennysheep_mini_moat,
          serial_shops, kennysheep_mini, nicolae_diamond_shop,
          nicolae_shop_competitors_out_of_business, minmay_stone_trees_small,
          minmay_bent
D:7:      lemuel_castle_with_subvaults [lemuel_castle_interior_original],
          layout_loops_cross, nicolae_gozag_seed_capital, kennysheep_little_box
D:8:      layout_loops_ring, lemuel_mausoleum_altar_kikubaaqudgha,
          gammafunk_ghost_ooze, serial_park_tiny_1, st_stairs_14, uniq_joseph,
          uniq_prince_ribbit1
D:9:      layout_roguey [special_room_bee], dk_yredelemnul_ordeal,
          hiddenorc2_lemuel, uniq_psyche
D:10:     layout_basic, mainiacjoe_overflow_small_starburst, serial_shops,
          nicolae_lakefront_shop
D:11:     layout_rooms, due_lair_maze_entry_diamond, minivault_11,
          minmay_increasing_density, uniq_maurice
D:12:     layout_stronghold, serial_rivers, chequers_serial_rivers_micro_d,
          chequers_serial_rivers_micro_b, chequers_serial_rivers_small_a,
          chequers_serial_rivers_large_b, chequers_serial_rivers_small_a,
          chequers_serial_rivers_micro_c, uniq_snorg, uniq_nessos
D:13:     cheibrodos_histonic, layout_long_grid,
          hangedman_abyss_or_decor_passed, uniq_erolcha, uniq_urug,
          uniq_frances, uniq_josephine
D:14:     layout_basic, skrybe_vaults_entry_preservation, minmay_hedge_maze,
          minmay_guarded_unrand_staff_of_olgreb, uniq_louise
D:15:     grunt_enter_depths_magical_seal, layout_cave_pods, okawaru_trees_2,
          nrook_campfire, nicolae_shop_clearance
Lair:1:   layout_long_grid, serial_bayou, serial_bayou_shore_a,
          serial_bayou_pond_d, serial_bayou_lagoon_a, serial_bayou_pond_e,
          serial_bayou_shore_b, chequers_serial_rivers_room_a,
          cheibrodos_lair_reptile_den, serial_bayou_shore_b, uniq_gastronok
Lair:2:   statuecave_lemuel, layout_regular_city, gauntlet_entry_generic
Lair:3:   layout_misc_corridors, minmay_shoals_entry_beasts
Lair:4:   layout_small_grid, minmay_snake_entry_six_corridors,
          ebering_ghost_inner_flame
Lair:5:   layout_layer_cave, slime_altar_1
Lair:6:   gammafunk_lair_ancient_temple, layout_long_grid, lookout_lair_type,
          chequers_serial_rivers_small_3, dpeg_oklob_1, uniq_sonja
Shoals:1: layout_shoals, serial_shops, nicolae_shop_hallway_plus
Shoals:2: layout_shoals, uniq_ilsuiw
Orc:1:    cheibrodos_orc_bank, layout_caves

Skill      XL: |  1  2  3  4  5  6  7  8  9 10 11 12 13 14 15 16 |
---------------+-------------------------------------------------+-----
Fighting       | 1 2 3 4 6 8 10 12 13 14 15 16 | 16.0
Conjurations   | 1 2 3 4 5 6 7 8 9 |  9.9
Armour         | 1 2 3 4 6 7 10 12 13 | 13.4
Earth Magic    | 4 5 6 7 8 9 11 12 13 14 15 | 15.6
Invocations    | 1 3 4 6 7 8 10 11 12 13 | 13.0
Spellcasting   | 3 4 5 6 7 |  7.3
Dodging        | 3 5 |  5.0
Shields        | 2 5 7 8 9 10 | 10.2
Staves         | 1 3 |  3.1
Stealth        | |  2.1
Transmutations | |  0.7

Action                   |  1- 3 |  4- 6 |  7- 9 | 10-12 | 13-15 | 16-18 || total
-------------------------+-------+-------+-------+-------+-------+-------++-------
Melee: Dagger            |    61 |    76 |       |       |       |       ||   137
       Unarmed           |     3 |       |       |       |       |       ||     3
       Staff             |       |    10 |    41 |   121 |    87 |     2 ||   261
Throw: Stone             |       |       |       |       |     1 |       ||     1
 Cast: Sandblast         |    11 |    85 |    72 |    67 |   369 |    17 ||   621
       Stone Arrow       |       |       |   111 |   468 |   535 |   106 ||  1220
       Lee's Rapid Decon |       |       |       |       |     1 |       ||     1
Invok: Donate Gold       |       |       |     1 |       |       |       ||     1
       Recite            |       |       |       |       |     1 |       ||     1
Evoke: Wand              |       |       |       |       |     7 |       ||     7
       Tin of tremorston |       |       |       |       |     2 |       ||     2
  Use: Scroll            |       |     9 |     4 |    11 |    16 |     1 ||    41
       Potion            |       |       |     2 |       |     1 |     3 ||     6
 Stab: Sleeping          |     3 |     2 |       |       |       |       ||     5
Armor: Robe              |     6 |    58 |    41 |   143 |    12 |       ||   260
       Leather armour    |    15 |       |       |    81 |    37 |       ||   133
       Scale mail        |       |       |       |       |   155 |       ||   155
       Chain mail        |       |       |       |       |   326 |   173 ||   499
       Plate armour      |       |       |       |       |    21 |       ||    21
Dodge: Dodged            |    30 |    56 |    78 |   181 |   237 |    39 ||   621
Block: Kite shield       |       |       |       |    92 |   420 |    71 ||   583
       Reflection        |       |       |       |       |     9 |     7 ||    16

Table legend: (Time is in decaauts)
 A = Elapsed time spent in this place.
 B = Non-inter-level travel time spent in this place.
 C = Inter-level travel time spent in this place.
 D = Time resting spent in this place.
 E = Time spent auto-exploring this place.
 F = Levels seen in this place.
 G = Mean time per level.
                   A        B        C        D        E       F      G
               +--------+--------+--------+--------+--------+-----+--------+
         Total |  34946 |  33413 |   1533 |  11405 |  15236 |  26 | 1344.1 |
       Dungeon |  22296 |  21207 |   1089 |   6934 |  10214 |  15 | 1486.4 |
          Lair |   8151 |   7722 |    429 |   2034 |   4065 |   6 | 1358.5 |
        Shoals |   2775 |   2761 |     14 |   1459 |    790 |   2 | 1387.5 |
  Orcish Mines |      1 |      1 |      0 |      0 |      0 |   1 |    1.0 |
       Ossuary |    572 |    572 |      0 |    317 |     57 |   1 |  572.0 |
      Gauntlet |   1148 |   1148 |      0 |    661 |    110 |   1 | 1148.0 |
               +--------+--------+--------+--------+--------+-----+--------+

Top non-repeatable levels by time:
    D:13: 2970 daAuts
     D:8: 2483 daAuts
    D:12: 2344 daAuts
     D:7: 2173 daAuts
Shoals:1: 2169 daAuts
    D:10: 1852 daAuts
  Lair:4: 1794 daAuts
     D:6: 1633 daAuts
  Lair:1: 1559 daAuts
    D:11: 1454 daAuts
     D:9: 1433 daAuts
  Lair:5: 1344 daAuts
     D:1: 1309 daAuts
     D:5: 1211 daAuts
  Lair:6: 1180 daAuts
